[Event "Red Bull Chess Masters 2018"]
[Site "Istanbul"]
[Date "2018.10.20"]
[Round "2.2"]
[White "Sahin, Hayrun Nisa"]
[Black "Sural, Ceren"]
[Result "1/2-1/2"]
[ECO "B01"]
[WhiteElo "1708"]
[BlackElo "1662"]
[Annotator "NA"]
[PlyCount "157"]
[EventDate "2018.10.19"]
[EventType "team-tourn"]
[EventCountry "TUR"]
[SourceTitle "playchess.com"]
[Source "ChessBase"]
[SourceQuality "1"]
[TimeControl "600+5"]

1. e4 d5 2. exd5 Qxd5 3. Nc3 Qd8 4. Nf3 Nf6 5. Bc4 e6 6. d4 c6 7. Be3 Be7 8. Qd2 Nbd7 9. h3 Nb6 10. Bb3 Nfd5 11. Nxd5 cxd5 12. O-O Bd7 13. Rac1 O-O 14. Ne5 Bb5 15. Rfd1 Nc4 16. Bxc4 dxc4 17. d5 Bf6 18. Bf4 exd5 19. Qxd5 Qxd5 20. Rxd5 Bxe5 21. Rxe5 Ba6 22. Rce1 Rac8 23. c3 Rfd8 24. Be3 Ra8 25. Bd4 b6 26. Re7 Bc8 27. R7e3 Be6 28. f4 Bd5 29. Rg3 g6 30. Rg5 Bc6 31. Rge5 Re8 32. Kf2 Rxe5 33. Bxe5 Rd8 34. Bd4 Re8 35. Be5 Rd8 36. Bd4 Re8 37. Be5 Rd8 38. Bd4 Kf8 39. g3 Re8 40. Be5 Kg8 41. Re3 Rd8 42. Bd4 Re8 43. Be5 Rd8 44. Bd4 Re8 45. Rxe8+ Bxe8 46. Be5 a6 47. Ke3 b5 48. Kd4 Bc6 49. Kc5 Bg2 50. h4 Kf8 51. Bf6 Ke8 52. Kb6 Kd7 53. Kxa6 Kc6 54. Bd4 Be4 55. Ka5 Bc2 56. Kb4 Bb1 57. Ka3 Bc2 58. b3 cxb3 59. axb3 Bd3 60. Kb4 Be2 61. c4 bxc4 62. bxc4 Bd3 63. Kc3 Bf5 64. Ba7 Be6 65. Kd4 f6 66. Bc5 Kd7 67. Bf8 Bf7 68. Kc5 Ke6 69. Kd4 Kf5 70. Bg7 g5 71. hxg5 fxg5 72. fxg5 Kxg5 73. c5 Be6 74. Be5 h5 75. c6 Kg4 76. Kc5 h4 77. gxh4 Kxh4 78. Kd6 Bg4 79. Kd5 1/2-1/2

[Event "Red Bull Chess Masters 2018"]
[Site "Istanbul"]
[Date "2018.10.20"]
[Round "3.1"]
[White "Ozen, Bahadir"]
[Black "Tasdogen, Dincer"]
[Result "0-1"]
[ECO "B08"]
[WhiteElo "2349"]
[BlackElo "2310"]
[Annotator "NA"]
[PlyCount "136"]
[EventDate "2018.10.19"]
[EventType "team-tourn"]
[EventCountry "TUR"]
[SourceTitle "playchess.com"]
[Source "ChessBase"]
[SourceQuality "1"]
[TimeControl "600+5"]

1. d4 d6 2. Nf3 g6 3. e4 Bg7 4. Nc3 Nf6 5. Be2 O-O 6. O-O Bg4 7. Be3 Nc6 8. h3 Bxf3 9. Bxf3 e5 10. d5 Ne7 11. Qd3 {[%emt 0:00:11] B08: Pirc Defence: Classical System} (11. Nb5 a6 12. Na3 Nd7 13. c4 f5 14. Rc1 Kh8 15. b4 a5 16. c5 axb4 17. cxd6 cxd6 18. Nb5 fxe4 {0-1 (34) Hansen,E (2629)-Carlsen,M (2834) chess.com INT 2018}) 11... Nd7 12. Qb5 Qc8 13. Bg5 Bf6 14. Bh6 Bg7 15. Bg5 Bf6 16. Be3 Bg7 17. Qc4 a6 18. a4 f5 19. a5 $146 ({Predecessor:} 19. Bd2 Nf6 20. exf5 gxf5 21. Rfe1 Kh8 22. Rad1 c6 23. dxc6 {½-½ (43) Flecher,J (1804)-Graziani,M (2191) ICCF email 2010}) 19... f4 20. Bd2 Nf6 21. b4 g5 22. Qe2 Ng6 23. Bg4 Nxg4 24. Qxg4 Qe8 25. Qxg5 Bf6 26. Qh5 Kh8 27. Kh1 Qd7 28. Qg4 Qg7 29. Ne2 $16 Rg8 30. Rg1 Raf8 31. Ra3 Qh6 32. Ng3 Nh4 {[%emt 0:00:00] [#]} 33. Qh5 $1 Qg7 34. Nf5 Nxf5 35. Qxf5 Bh4 36. Qg4 Qxg4 37. hxg4 Bxf2 38. Rf1 Bg3 39. Rc3 Rxg4 40. Rxc7 Rf6 41. Rf3 Rh6+ 42. Kg1 Rgh4 43. Rc8+ Kg7 44. Rxg3+ fxg3 45. Rc7+ Kg6 46. Bxh6 Rxe4 47. Bd2 Re2 48. Bc3 Rxc2 49. Kf1 Kf5 50. Ke1 Rxg2 51. Rxb7 Rg1+ 52. Kd2 h5 53. b5 axb5 54. a6 Rg2+ 55. Kd3 Ra2 56. a7 h4 57. Bd2 g2 58. Be3 h3 59. Rf7+ Kg6 60. Rf8 Kg7 61. Rf5 Kg6 62. Rf8 Kg7 63. Rf5 Kg6 64. Rf8 Kg7 65. Rf5 h2 66. Rg5+ Kf6 67. Rxg2 h1=Q 68. Rxa2 Qxd5+ 0-1

[Event "Red Bull Chess Masters 2018"]
[Site "Istanbul"]
[Date "2018.10.20"]
[Round "3.1"]
[White "Sevgi, Volkan"]
[Black "Gunduz, Umut Erdem"]
[Result "1-0"]
[ECO "C47"]
[WhiteElo "2296"]
[BlackElo "2205"]
[Annotator "NA"]
[PlyCount "117"]
[EventDate "2018.10.19"]
[EventType "team-tourn"]
[EventCountry "TUR"]
[SourceTitle "playchess.com"]
[Source "ChessBase"]
[SourceQuality "1"]
[TimeControl "600+5"]

1. e4 e5 2. Nc3 Nf6 3. g3 d5 4. exd5 Nxd5 5. Bg2 Be6 6. Nf3 Nc6 7. O-O Nxc3 8. bxc3 {[%emt 0:00:05] C47: Scotch Four Knights and Four Knights with 4 g3} Bc5 (8... e4 9. Ne1 f5 10. d3 Be7 11. Qh5+ g6 12. Qe2 O-O 13. dxe4 Na5 14. exf5 Bc4 15. Nd3 Rxf5 {1-0 (43) Palit,S (2442)-Dale,A (2225) Canberra 2013}) 9. d3 h6 $146 ({Predecessor:} 9... O-O 10. Re1 f6 11. d4 Bb6 12. Be3 e4 13. Nd2 f5 14. f3 exf3 15. Nxf3 Bd5 {1-0 (53) Pallas,S (1897)-Riehle,M (1876) Oberhof 2013}) 10. Qe2 Qf6 11. Be3 Bb6 12. Rfe1 e4 13. Nd4 Nxd4 14. Bxd4 Bxd4 15. cxd4 Qxd4 16. Qxe4 Qxe4 17. Bxe4 O-O-O 18. a4 a5 19. f4 c6 20. c4 Bh3 21. f5 Rhe8 22. Re2 Kc7 23. Rb2 Re5 24. Rab1 Rb8 25. Rf2 b5 26. cxb5 cxb5 27. Rc1+ Kd8 28. axb5 Rexb5 29. Rf4 Rb1 30. Rxb1 Rxb1+ 31. Kf2 a4 32. Ke3 a3 33. Bd5 Rb5 34. Rd4 (34. Bxf7 $11 Ra5 35. Ba2 (35. f6 gxf6 36. Ba2 Ke7 $11)) 34... Ke7 35. g4 Bxg4 36. Bc4 Ra5 37. Rxg4 a2 38. Bxa2 Rxa2 39. Rxg7 Rxh2 40. Rh7 Kf6 41. d4 Rh3+ 42. Ke4 h5 43. d5 Ke7 44. Ke5 Re3+ 45. Kf4 Rh3 46. Ke5 Re3+ 47. Kf4 Rh3 48. d6+ Kxd6 49. Rxf7 Rh1 50. Rh7 h4 $11 51. Kg5 h3 52. Kg6 h2 53. Kf6 Kd5 54. Rh4 Kc5 55. Rh8 Kd6 56. Rd8+ Kc7 57. Rd2 Kc6 58. Rf2 Kd7 59. Kf7 1-0

[Event "Red Bull Chess Masters 2018"]
[Site "Istanbul"]
[Date "2018.10.20"]
[Round "3.1"]
[White "Tarlabasi, Emirhan"]
[Black "Ozdover, Mustafa Berkay"]
[Result "0-1"]
[ECO "A52"]
[WhiteElo "2264"]
[BlackElo "2120"]
[Annotator "NA"]
[PlyCount "100"]
[EventDate "2018.10.19"]
[EventType "team-tourn"]
[EventCountry "TUR"]
[SourceTitle "playchess.com"]
[Source "ChessBase"]
[SourceQuality "1"]
[TimeControl "600+5"]

1. d4 Nf6 2. c4 e5 3. dxe5 Ng4 4. e3 Nxe5 5. Nc3 Bc5 6. Ne4 Bb4+ 7. Bd2 Bxd2+ 8. Qxd2 d6 9. f4 Ng6 10. O-O-O Nc6 11. Nf3 O-O 12. h4 Re8 13. Nc3 Bg4 {[%emt 0:01:29] [#]} 14. Bd3 (14. h5 $1 $16 Nf8 15. h6) 14... Nf8 15. Rde1 a5 16. h5 a4 17. h6 g6 18. Nd5 Nd7 {[%emt 0:00:20] [#]} 19. Qc3 $18 f6 20. Nh4 Be6 21. f5 Bxd5 22. cxd5 Nce5 23. fxg6 Nc5 24. gxh7+ Kh8 25. Ng6+ Nxg6 26. Bxg6 Re5 27. e4 Rg5 28. Bh5 Qe7 29. Bf3 b5 30. Rh4 b4 31. Qd4 Re8 32. Kd2 b3 33. a3 Kxh7 34. Rf4 Rf8 35. Bg4 Kh8 36. Ref1 Re5 37. Bf5 Re8 38. Re1 Rg8 39. g4 Rf8 40. h7 Qg7 41. Rh1 Qg5 42. Qe3 Rfe8 43. Rh5 Qg7 44. g5 fxg5 45. Rg4 Rxf5 46. exf5 Qxb2+ 47. Kd1 Qc2+ 48. Ke1 Rxe3+ 49. Kf1 Qd1+ 50. Kg2 Qxg4+ 0-1

[Event "Red Bull Chess Masters 2018"]
[Site "Istanbul"]
[Date "2018.10.20"]
[Round "3.1"]
[White "Isik, Alparslan"]
[Black "Yarar, Muammer Atakan"]
[Result "1-0"]
[ECO "E09"]
[WhiteElo "2220"]
[BlackElo "1784"]
[Annotator "NA"]
[PlyCount "113"]
[EventDate "2018.10.19"]
[EventType "team-tourn"]
[EventCountry "TUR"]
[SourceTitle "playchess.com"]
[Source "ChessBase"]
[SourceQuality "1"]
[TimeControl "600+5"]

1. d4 d5 2. c4 c6 3. Nf3 Nf6 4. Nbd2 Bf5 5. Nh4 Bc8 6. g3 e6 7. Bg2 Be7 8. O-O O-O 9. Nhf3 Nbd7 10. Qc2 b6 11. e4 dxe4 12. Nxe4 Nxe4 13. Qxe4 Bb7 14. Rd1 Rc8 15. Bf4 Re8 {[%emt 0:00:06] E09: Closed Catalan: Main Line: 7 Qc2 c6 8 Nbd2} 16. Rac1 (16. h4 h6 17. Rac1 Bf8 18. Rc2 Qe7 19. Re2 Qb4 20. Qc2 Ba6 21. b3 Red8 22. Ree1 Bb7 23. Bd2 {½-½ (41) Gajek,R (2426)-Simacek,P (2454) Legnica 2015}) 16... Ba8 17. Qc2 Bb7 18. a3 Nf8 19. h4 Ng6 $146 ({Predecessor:} 19... h6 20. Qa4 a6 21. Ne5 b5 22. Qb3 Ba8 23. Qf3 {1-0 (40) Smyslov,V-O'Kelly de Galway,A Havana 1967}) 20. Be3 Qc7 21. h5 Nf8 22. Bf4 Bd6 23. Bxd6 Qxd6 24. c5 Qc7 25. h6 g6 26. Ne5 b5 27. Ng4 Qe7 28. f4 Nd7 29. Nf2 Nf6 30. Ne4 Nxe4 31. Qxe4 Qf8 32. Kf2 Qxh6 33. Rh1 Qg7 34. Rh4 h5 35. Bf3 Rcd8 36. Rd1 Rd7 37. Qe5 Red8 38. Ke3 a6 39. g4 Qxe5+ 40. fxe5 hxg4 41. Rdh1 Kf8 42. Rxg4 a5 43. Rh7 Ke7 44. Rf4 Rf8 45. Be4 Ke8 46. Bxg6 a4 47. Rf6 $18 Bc8 48. Rxe6+ Re7 49. Rxc6 Bb7 50. Rb6 fxg6 51. Rxb7 Rxh7 52. Rxh7 g5 53. Rg7 Rf5 54. c6 Kd8 55. Ke4 Rf2 56. Kd5 Rxb2 57. Kd6 1-0

[Event "Red Bull Chess Masters 2018"]
[Site "Istanbul"]
[Date "2018.10.20"]
[Round "3.1"]
[White "Aydincelebi, Kagan"]
[Black "Karaokcu, Erkin"]
[Result "0-1"]
[ECO "B51"]
[WhiteElo "2193"]
[BlackElo "2256"]
[Annotator "NA"]
[PlyCount "78"]
[EventDate "2018.10.19"]
[EventType "team-tourn"]
[EventCountry "TUR"]
[SourceTitle "playchess.com"]
[Source "ChessBase"]
[SourceQuality "1"]
[TimeControl "600+5"]

1. e4 c5 2. Nf3 d6 3. Bb5+ Nd7 4. d4 cxd4 5. Qxd4 a6 6. Bxd7+ Qxd7 {[%emt 0:00:01] B51: Sicilian: Moscow Variation (3 Bb5+) without 3...Bd7} (6... Bxd7 7. Nc3 e5 8. Qd3 h6 9. Nd2 Rc8 10. Nc4 Be6 11. Ne3 Nf6 12. Bd2 Be7 13. a4 O-O 14. O-O Qd7 15. a5 Rfd8 {½-½ (58) Duda,J (2737)-Nepomniachtchi,I (2757) Dortmund 2018}) 7. O-O e5 8. Qd3 h6 9. c4 b5 10. Nc3 bxc4 11. Qxc4 Nf6 $146 ({Predecessor:} 11... Bb7 12. Rd1 Rc8 {½-½ (12) Ozen,D (2072)-Isik,E (2212) Manavgat 2015}) 12. Rd1 Qb7 13. b3 Be6 14. Qd3 Be7 15. Ba3 O-O 16. Rac1 Rfd8 17. Nd5 $2 (17. h3 $11 {and White is okay.}) 17... Bxd5 18. exd5 e4 19. Qe3 exf3 20. Qxf3 Nd7 21. Bb2 Bf6 22. Ba3 Ne5 23. Qe3 Rac8 24. h3 Rxc1 25. Rxc1 Qxd5 26. Qb6 Ng6 27. Qxa6 Nf4 28. Qf1 Ra8 29. Rd1 Qg5 30. Bxd6 Rxa2 31. Re1 Nxh3+ 32. Kh2 Nxf2 33. Re8+ Kh7 34. Qb1+ Qg6 35. Qxa2 Bd4 36. Qe2 Qxd6+ $19 37. g3 Qd5 38. Qf1 Qh5+ 39. Kg2 Qh3+ 0-1

[Event "Red Bull Chess Masters 2018"]
[Site "Istanbul"]
[Date "2018.10.20"]
[Round "3.1"]
[White "Yeke, Serkan"]
[Black "Eren, Ataberk"]
[Result "0-1"]
[ECO "D19"]
[WhiteElo "2117"]
[BlackElo "2188"]
[Annotator "NA"]
[PlyCount "86"]
[EventDate "2018.10.19"]
[EventType "team-tourn"]
[EventCountry "TUR"]
[SourceTitle "playchess.com"]
[Source "ChessBase"]
[SourceQuality "1"]
[TimeControl "600+5"]

1. Nf3 d5 2. d4 Nf6 3. c4 c6 4. Nc3 dxc4 5. a4 Bf5 6. e3 e6 7. Bxc4 Bb4 8. O-O Nbd7 9. Qe2 Bg6 10. e4 O-O {[%emt 0:00:02] LiveBook: 1084 Games} 11. Bd3 Bh5 12. e5 Nd5 13. Nxd5 cxd5 14. Qe3 Be7 15. Ng5 Bxg5 16. Qxg5 Bg6 17. Qg3 Bxd3 18. Qxd3 Rc8 19. Ra3 Qc7 20. Bg5 Qc2 21. Qg3 Qg6 22. Qh4 Qe4 23. Qg3 Qg6 24. Qh4 Qe4 25. Qg3 Qxd4 26. Re3 Kh8 27. Be7 Rfe8 28. Bd6 Rc4 29. b3 Rc2 30. Qg5 Nf8 31. Rf3 Kg8 32. h4 Ng6 33. h5 Qh4 34. Qe3 Qxh5 35. Qxa7 Nh4 36. Rg3 Nf5 37. Rh3 Qg4 38. Qxb7 Nd4 39. a5 Ne2+ 40. Kh1 Nf4 41. Rh2 Rxf2 42. Rg1 Ne2 43. Rh3 Nxg1 0-1

[Event "Red Bull Chess Masters 2018"]
[Site "Istanbul"]
[Date "2018.10.20"]
[Round "3.1"]
[White "Eren, Cuneyt"]
[Black "Degirmenci, Yagiz"]
[Result "0-1"]
[ECO "D45"]
[WhiteElo "2084"]
[BlackElo "1881"]
[Annotator "NA"]
[PlyCount "144"]
[EventDate "2018.10.19"]
[EventType "team-tourn"]
[EventCountry "TUR"]
[SourceTitle "playchess.com"]
[Source "ChessBase"]
[SourceQuality "1"]
[TimeControl "600+5"]

1. d4 d5 2. c4 e6 3. Nf3 Nf6 4. e3 Be7 5. Bd3 c6 6. O-O O-O 7. Nc3 dxc4 8. Bxc4 b5 9. Bd3 a6 10. Qe2 Bb7 11. Rd1 Nbd7 12. e4 Re8 13. Bg5 Nf8 14. Rac1 Qb6 15. e5 Nd5 16. Bxe7 Nxc3 17. bxc3 Rxe7 18. Ng5 c5 19. Be4 cxd4 20. cxd4 Rd8 21. Bxb7 Rxb7 22. Qe3 Rbd7 23. Nf3 Ng6 24. h3 Ne7 25. g4 h6 26. Rc2 Nd5 27. Qd2 b4 28. g5 h5 29. Rdc1 a5 30. Rc8 Qb7 31. Rxd8+ Rxd8 32. g6 fxg6 33. Ng5 Rf8 34. Nxe6 Rf5 35. Rc5 Qd7 36. Rxd5 Qxd5 37. Nf4 Rg5+ 38. Kf1 Qh1+ 39. Ke2 Qe4+ 40. Qe3 Qc2+ 41. Kf3 Rf5 42. Kg3 g5 43. Nxh5 Qd1 44. f3 g6 45. Nf6+ Kf7 46. Ne4 Kg7 47. e6 Rf8 48. Nxg5 Re8 49. Qe5+ Kg8 50. Qf6 Qg1+ 51. Kf4 Rf8 52. Nf7 Qh2+ 53. Ke4 Qe2+ 54. Kd5 Qb5+ 55. Ke4 Qe2+ 56. Kf4 Qd2+ 57. Kg3 Qe1+ 58. Kg4 Qg1+ 59. Kf4 Qc1+ 60. Ke5 Qe3+ 61. Kd6 Rxf7 62. exf7+ Kf8 63. Qxg6 Qxd4+ 64. Ke6 Qc4+ 65. Kf6 Qf4+ 66. Ke6 Qe3+ 67. Kf6 Qxf3+ 68. Ke6 Qxh3+ 69. Kf6 Qc3+ 70. Ke6 Qc6+ 71. Kf5 Qxg6+ 72. Kxg6 a4 0-1

[Event "Red Bull Chess Masters 2018"]
[Site "Istanbul"]
[Date "2018.10.20"]
[Round "3.1"]
[White "Tofan, Ibrahim"]
[Black "Celikel, Fatih"]
[Result "0-1"]
[ECO "B02"]
[WhiteElo "2070"]
[BlackElo "1856"]
[Annotator "NA"]
[PlyCount "45"]
[EventDate "2018.10.19"]
[EventType "team-tourn"]
[EventCountry "TUR"]
[SourceTitle "playchess.com"]
[Source "ChessBase"]
[SourceQuality "1"]
[TimeControl "600+5"]

1. e4 d5 2. exd5 Nf6 3. Nc3 e6 4. dxe6 Bxe6 5. Nf3 Bd6 6. d3 Qe7 7. Be2 Nc6 8. Be3 h6 9. Qd2 O-O-O 10. Nb5 a6 11. Nxd6+ Qxd6 12. Bf4 Qc5 13. O-O g5 14. Be3 Qd6 15. Qc3 Nd5 16. Qc5 Nf4 17. Rfe1 Qd7 18. Ne5 $16 (18. Bxf4 $142 gxf4 19. Ne5 Nxe5 20. Qxe5) 18... Nxe5 19. Qxe5 Qc6 20. Bf3 Bd5 21. Bxd5 Nxd5 22. Qf5+ Kb8 23. Bc1 0-1

[Event "Red Bull Chess Masters 2018"]
[Site "Istanbul"]
[Date "2018.10.20"]
[Round "3.1"]
[White "Ozsakallioglu, Okan"]
[Black "Dogan, Ali Ekber"]
[Result "0-1"]
[ECO "C03"]
[WhiteElo "2050"]
[BlackElo "2200"]
[Annotator "NA"]
[PlyCount "221"]
[EventDate "2018.10.19"]
[EventType "team-tourn"]
[EventCountry "TUR"]
[SourceTitle "playchess.com"]
[Source "ChessBase"]
[SourceQuality "1"]
[TimeControl "600+5"]

1. e4 e6 2. d4 d5 3. Nd2 Be7 4. Ngf3 Nf6 5. Bd3 c5 6. dxc5 O-O {[%emt 0:00:17] C03: French Tarrasch: Unusual Black 3rd moves} (6... dxe4 7. Nxe4 Nxe4 8. Bxe4 Qxd1+ 9. Kxd1 Bxc5 10. Ke2 Nd7 11. Be3 Bxe3 12. Kxe3 Nc5 13. Rhd1 Ke7 14. Bd3 f6 15. Bc4 Bd7 16. b4 Na4 17. Rxd7+ Kxd7 18. Bb5+ {½-½ (52) Svidler,P (2753)-Yu,Y (2759) Shenzhen 2018}) 7. O-O a5 8. c4 Na6 9. e5 Nd7 10. cxd5 Naxc5 $146 ({Predecessor:} 10... exd5 11. Nb3 a4 12. c6 bxc6 13. Nbd4 Ndb8 14. Qxa4 {1-0 (39) Lukasova,A (2303)-Krzyzanowski,A (2353) ICCF email 2013}) 11. Be4 exd5 12. Bxd5 Nxe5 13. Ne4 Bg4 14. Nxc5 Bxc5 15. Bf4 Ng6 16. Bg3 Qb6 17. Qb3 Qxb3 18. axb3 Ra7 19. Rfc1 b6 20. h3 Bf5 21. Rd1 Rd7 22. Bc4 Rfd8 23. Rxd7 Rxd7 24. Re1 h6 $11 25. Kh2 Kh7 26. h4 Bg4 27. Ne5 Nxe5 28. Rxe5 Bd4 29. Re4 f5 30. Re8 Bxb2 31. Be6 Rb7 32. f3 Bh5 33. Bxf5+ Bg6 34. Bxg6+ Kxg6 35. Re6+ Kf7 36. Rc6 b5 37. Ra6 Bc3 38. Bf2 a4 39. bxa4 b4 40. Be3 b3 41. Bc1 b2 42. Bxb2 Rxb2 43. Kh3 Ra2 44. Rc6 Be5 45. Rc4 h5 46. Rc5 Kf6 47. g3 Ra3 48. Kg2 Ra2+ 49. Kh3 g6 50. a5 Ra3 51. Kg2 Ra2+ 52. Kh3 Bd4 53. Rc6+ Kf7 54. Rc7+ Kg8 55. Rc8+ Kf7 56. Rc7+ Kf8 57. Rc8+ Ke7 58. Rc6 Kf7 59. Rc7+ Kf6 60. Rc6+ Kf7 61. Rc7+ Ke8 62. Rc6 Bg1 63. g4 hxg4+ 64. fxg4 Ra3+ 65. Kg2 Bd4 66. Rxg6 Rxa5 67. Kf3 Kf7 68. Rd6 Be5 69. Rd7+ Ke6 70. Rd3 Ra4 71. Re3 Rf4+ 72. Kg3 Re4+ 73. Kf3 Rf4+ 74. Kg3 Ra4+ 75. Kf3 Kf6 76. Re4 Ra3+ 77. Re3 Ra4 78. Re4 Ra3+ 79. Re3 Ra1 80. Ke4 Rg1 81. Kd5 Bf4 82. Re6+ Kf7 83. Re4 Rxg4 84. h5 Rg5+ 85. Kd4 Bg3 86. h6 Rh5 87. Rg4 Bh4 88. Rg7+ Kf8 89. Rg6 Kf7 90. Rg7+ Kf6 91. Rh7 Kg6 92. Rg7+ Kxh6 93. Rg8 Bf6+ 94. Ke4 Bg7 95. Rc8 Kg6 96. Rc6+ Bf6 97. Ra6 Rh4+ 98. Kf3 Kf5 99. Kg3 Rg4+ 100. Kf3 Be5 101. Ra8 Rg3+ 102. Kf2 Rb3 103. Rf8+ Ke4 104. Kg2 Rg3+ 105. Kf2 Rg6 106. Re8 Kf4 107. Rf8+ Bf6 108. Rf7 Ke4 109. Rf8 Bd4+ 110. Kf1 Kd3 111. Ke1 0-1

[Event "Red Bull Chess Masters 2018"]
[Site "Istanbul"]
[Date "2018.10.20"]
[Round "3.1"]
[White "Atas, Yunus"]
[Black "Zor, Alber Kadir"]
[Result "0-1"]
[ECO "D55"]
[WhiteElo "1921"]
[BlackElo "2167"]
[Annotator "NA"]
[PlyCount "68"]
[EventDate "2018.10.19"]
[EventType "team-tourn"]
[EventCountry "TUR"]
[SourceTitle "playchess.com"]
[Source "ChessBase"]
[SourceQuality "1"]
[TimeControl "600+5"]

1. d4 d5 2. Nf3 Nf6 3. c4 e6 4. Nc3 Be7 5. Bg5 h6 6. Bxf6 Bxf6 7. e3 O-O 8. Qc2 c6 9. cxd5 {[%emt 0:00:02] D55: Queen's Gambit Declined: 4 Bg5 Be7: Lines without ...h6 and 6...h6 7 Bxf6} (9. h4 c5 10. O-O-O cxd4 11. exd4 Nc6 12. g4 g6 13. g5 hxg5 14. hxg5 Bxg5+ 15. Kb1 Bf6 16. Bd3 Nb4 {½-½ (37) Salem,A (2638)-Kravtsiv,M (2672) Riadh 2017}) 9... exd5 10. h3 a5 11. Bd3 Re8 12. O-O Na6 13. a3 Be7 $146 ({Predecessor:} 13... g6 14. Na4 Bg7 15. Rfe1 Bd7 {1-0 (58) Megaranto,S (2533)-Susanto,A (2112) Jakarta 2011}) 14. Rfd1 Bd6 15. e4 dxe4 16. Nxe4 Nc7 17. Nxd6 Qxd6 18. Rac1 Be6 19. Qc5 Red8 20. Bb1 Nd5 21. Re1 Nf4 22. Qxd6 Rxd6 23. Re5 a4 24. Rce1 Kf8 25. R5e4 g5 26. Re5 Rad8 27. Bf5 Bd5 28. Re7 Bxf3 29. gxf3 Rf6 30. Bd7 $2 (30. Rd7 Rxd7 31. Bxd7) 30... Kg7 $19 31. Kh2 Ng6 32. Bg4 Nxe7 33. Rxe7 b5 34. Rc7 Rxd4 0-1

[Event "Red Bull Chess Masters 2018"]
[Site "Istanbul"]
[Date "2018.10.20"]
[Round "3.1"]
[White "Incecik, Seyma Zeynep"]
[Black "Sahin, Hayrun Nisa"]
[Result "1/2-1/2"]
[ECO "A01"]
[WhiteElo "1796"]
[BlackElo "1708"]
[Annotator "NA"]
[PlyCount "74"]
[EventDate "2018.10.19"]
[EventType "team-tourn"]
[EventCountry "TUR"]
[SourceTitle "playchess.com"]
[Source "ChessBase"]
[SourceQuality "1"]
[TimeControl "600+5"]

1. b3 Nf6 2. Bb2 g6 3. Bxf6 exf6 4. c4 Bg7 5. Nc3 d6 6. Nf3 c6 7. e3 Be6 8. d4 d5 9. cxd5 cxd5 10. Bb5+ Nd7 11. O-O O-O 12. Rc1 a6 13. Bxd7 Qxd7 14. Na4 Qd6 15. Qd2 Bd7 16. Nc5 b6 17. Nxd7 Qxd7 18. Rc2 Rfc8 19. Rfc1 Bf8 20. Rc3 Ba3 21. R1c2 Kg7 22. Qd3 Bb4 23. Rxc8 Rxc8 24. h3 b5 25. Kf1 Rc6 26. Ne1 Bxe1 27. Kxe1 Qc7 28. Rxc6 Qxc6 29. Kd2 b4 30. Qc2 Qb5 31. Qc5 Qf1 32. Qxd5 Qxf2+ 33. Kd3 Qf1+ 34. Kd2 Qf2+ 35. Kd3 Qf1+ 36. Kd2 Qf2+ 37. Kd3 Qf1+ 1/2-1/2

[Event "Red Bull Chess Masters 2018"]
[Site "Istanbul"]
[Date "2018.10.20"]
[Round "3.1"]
[White "Yucesoy, Atil"]
[Black "Erdogan, Anil Berk"]
[Result "0-1"]
[ECO "E61"]
[WhiteElo "1685"]
[BlackElo "2116"]
[Annotator "NA"]
[PlyCount "54"]
[EventDate "2018.10.19"]
[EventType "team-tourn"]
[EventCountry "TUR"]
[SourceTitle "playchess.com"]
[Source "ChessBase"]
[SourceQuality "1"]
[TimeControl "600+5"]

1. d4 Nf6 2. Nf3 c5 3. e3 g6 4. c4 Bg7 5. Nc3 O-O 6. Be2 cxd4 7. exd4 d5 8. cxd5 Nxd5 9. Qb3 Nb6 10. O-O Be6 11. Qc2 Nc6 12. Rd1 Nb4 13. Qe4 N6d5 14. Nxd5 Bxd5 15. Qb1 Rc8 16. Bd3 Bxf3 17. gxf3 Qxd4 18. Be3 Qh4 19. Be4 Be5 20. a3 Qxh2+ 21. Kf1 Nc6 22. Bxc6 Rxc6 23. Bxa7 Re6 24. Be3 Bf4 25. Qd3 Rxe3 26. fxe3 Bg3 27. Qd2 Qh1+ 0-1

[Event "Red Bull Chess Masters 2018"]
[Site "Istanbul"]
[Date "2018.10.20"]
[Round "3.1"]
[White "Eraslan, Ecem"]
[Black "Sahin, Handenur"]
[Result "0-1"]
[ECO "C60"]
[WhiteElo "1290"]
[BlackElo "1998"]
[Annotator "NA"]
[PlyCount "61"]
[EventDate "2018.10.19"]
[EventType "team-tourn"]
[EventCountry "TUR"]
[SourceTitle "playchess.com"]
[Source "ChessBase"]
[SourceQuality "1"]
[TimeControl "600+5"]

1. e4 e5 2. Nf3 Nc6 3. Bb5 Nge7 4. d3 g6 5. c3 Bg7 6. O-O O-O 7. Re1 a6 8. Ba4 d6 9. h3 h6 10. Nbd2 Be6 11. Nf1 b5 12. Bc2 d5 13. exd5 Nxd5 14. Qe2 Re8 15. Ng3 Rb8 16. Ne4 b4 17. Bd2 Nf4 18. Bxf4 exf4 19. d4 bxc3 20. bxc3 Rb2 21. Qd3 Bf5 22. Ba4 Ne5 23. Nxe5 Rxe5 24. Bb3 c5 25. f3 cxd4 26. cxd4 Rb5 27. Qd1 Qxd4+ 28. Qxd4 Bxd4+ 29. Kh1 R2xb3 30. axb3 Bxa1 31. Rxa1 0-1

[Event "Red Bull Chess Masters 2018"]
[Site "Istanbul"]
[Date "2018.10.20"]
[Round "3.1"]
[White "Tofan, Zeynep"]
[Black "Dai, Irmak"]
[Result "0-1"]
[ECO "B51"]
[WhiteElo "1058"]
[BlackElo "1854"]
[Annotator "NA"]
[PlyCount "58"]
[EventDate "2018.10.19"]
[EventType "team-tourn"]
[EventCountry "TUR"]
[SourceTitle "playchess.com"]
[Source "ChessBase"]
[SourceQuality "1"]
[TimeControl "600+5"]

1. e4 c5 2. Nf3 d6 3. Nc3 Nc6 4. Bb5 Bd7 5. O-O Nf6 6. d3 e6 7. Bg5 Be7 8. Re1 Qc7 9. h3 O-O 10. Qd2 a6 11. Bxc6 Bxc6 12. Re3 b5 13. a3 a5 14. Rae1 b4 15. axb4 axb4 16. Ne2 Ra2 17. b3 h6 18. Bxf6 Bxf6 19. d4 Rd8 20. Rd1 Qb7 21. Qd3 Bb5 22. Qd2 Qc7 23. Re1 Rda8 24. e5 Be7 25. Kh1 Rd8 26. Rd3 Bxd3 27. Qc1 Rxc2 28. Qa1 Rxe2 29. Rxe2 Bxe2 0-1

[Event "Red Bull Chess Masters 2018"]
[Site "Istanbul"]
[Date "2018.10.20"]
[Round "3.2"]
[White "Tasdogen, Dincer"]
[Black "Ozen, Bahadir"]
[Result "1-0"]
[ECO "C49"]
[WhiteElo "2310"]
[BlackElo "2349"]
[Annotator "NA"]
[PlyCount "93"]
[EventDate "2018.10.19"]
[EventType "team-tourn"]
[EventCountry "TUR"]
[SourceTitle "playchess.com"]
[Source "ChessBase"]
[SourceQuality "1"]
[TimeControl "600+5"]

1. e4 e5 2. Nf3 Nc6 3. Nc3 Nf6 4. Bb5 Bb4 5. O-O O-O 6. d3 d6 7. Bg5 Ne7 8. Nh4 c6 9. Bc4 d5 10. exd5 {[%emt 0:00:00] C49: Four Knights: 4 Bb5 Bb4} (10. Bb3 a5 11. a4 Qd6 12. Qf3 h6 13. Bxf6 Qxf6 14. Qxf6 gxf6 15. f4 Be6 16. exd5 cxd5 17. Nb5 Bd2 18. fxe5 fxe5 {1-0 (58) Artemiev,V (2660)-Sevian,S (2578) Martuni 2015}) 10... cxd5 {[%emt 0:00:41] LiveBook: 4 Games} 11. Bb3 (11. Bxf6 $5 gxf6 12. Bb3 $11) 11... Bg4 12. Qc1 Qd6 13. h3 Bh5 14. f4 e4 {[%emt 0:01:17] [#]} 15. f5 $146 ({Predecessor:} 15. dxe4 dxe4 16. Qe1 h6 17. Bxf6 Qxf6 {1-0 (41) Panarin,M (2528)-Demchenko,A (2431) Belorechensk 2007}) 15... Bxc3 16. bxc3 Rac8 17. Qd2 d4 18. cxd4 Qxd4+ 19. Be3 Qe5 20. d4 Qd6 21. Bf4 Qb6 22. g4 Bxg4 23. hxg4 Nxg4 24. Rad1 Kh8 25. Qg2 Nf6 26. c4 Nc6 27. c5 Qb4 28. Bd6 (28. Kh1 $142) 28... e3 29. Bxf8 Rxf8 30. Nf3 Re8 $18 31. Rfe1 Re4 32. Ng5 Rxd4 33. Nxf7+ Kg8 34. Ne5+ Kh8 35. Nxc6 bxc6 36. Rxe3 Qxc5 37. Rxd4 Qxd4 38. Qf2 Qg4+ 39. Kh1 h5 40. Qe2 Qd4 41. Re8+ Kh7 42. Re3 c5 43. Rh3 c4 44. Bxc4 h4 45. Qe1 g5 46. fxg6+ Kxg6 47. Qg1+ 1-0